 Dungeon Crawl Stone Soup version 0.30-b1-2-g02819fbbbe (webtiles) character file.

Game seed: 8691108637487014304

320 Mesmaeker13 the Ducker (level 6, -4/40 HPs)
             Began as a Djinni Hedge Wizard on June 14, 2023.
             Slain by an ogre
             ... wielding a +0 giant club
              (36 damage)
             ... on level 5 of the Dungeon.
             The game lasted 00:06:57 (4472 turns).

Mesmaeker13 the Ducker (Djinni Hedge Wizard)        Turns: 4472, Time: 00:06:58

Health: -4/40      AC:  4    Str:  9    XL:     6   Next: 75%
Gold:   226        EV: 14    Int: 17    God:
                   SH:  0    Dex: 13

rFire   + + .        q - +2 spear (venom)
rCold   x . .        (no shield)
rNeg    + . .        b - +0 robe
rPois   ∞            g - +1 hat
rElec   .            r - +0 cloak
rCorr   .            (no gloves)
SInv    .            (boots unavailable)
Will    .....        (no amulet)
Stlth   ++           a - ring of positive energy
HPRegen 0.26/turn    (no ring)
MPRegen 0.00/turn

%: infuse magic (-5 HP)
@: flying
A: sickness immunity, fire resistance 2, cold vulnerability 1, float, innate
caster, HP casting, extra vitality 1
a: no special abilities


You were on level 5 of the Dungeon.
You visited 2 branches of the dungeon, and saw 6 of its levels.

You collected 226 gold pieces.

Inventory:

Hand Weapons
 q - a +2 spear of venom (weapon)
Missiles
 l - 5 poisoned darts (quivered)
Armour
 b - a +0 robe (worn)
 e - a +0 cloak
 g - a +1 hat (worn)
 r - a +0 cloak (worn)
Jewellery
 a - a ring of positive energy (left hand)
Wands
 m - a wand of flame (20)
Scrolls
 f - a scroll of blinking {unknown}
 o - a scroll of teleportation
 p - a scroll of vulnerability {unknown}
Potions
 c - a potion of might {unknown}
 d - a potion of heal wounds
 h - 3 potions of resistance
 i - 2 potions of mutation
 j - a potion of invisibility
 k - a potion of attraction
 n - a potion of ambrosia
 s - a potion of brilliance {unknown}


   Skills:
 + Level 5.3 Dodging
 - Level 1.5 Stealth
 + Level 4.1 Spellcasting


You knew the following spells:

 Your Spells              Type           Power      Damage    Failure   Level
a - Magic Dart            Conj           68%        1d6       2%          1
b - Slow                  Hex            68%        N/A       2%          1
c - Blink                 Tloc           34%        N/A       4%          2
d - Call Imp              Summ           34%        N/A       4%          2
e - Mephitic Cloud        Conj/Pois/Air  17%        N/A       9%          3
f - Beastly Appendage     Tmut           34%        N/A       2%          1
g - Momentum Strike       Conj/Tloc      34%        3d8       4%          2
Your spell library was empty.

Dungeon Overview and Level Annotations

Branches:
Dungeon (5/15)             Temple (1/1) D:4

Altars:
Ashenzari
Dithmenos
Elyvilon
Gozag
Hepliaklqana
Makhleb
Nemelex Xobeh
Okawaru
Qazlal
Ru
Trog
Uskayaw
Wu Jian
Xom
Yredelemnul
The Shining One

Annotations:
D:4 Grinder


Innate Abilities, Weirdness & Mutations

You are immune to sickness and miasma.
You are immune to poison.
Your flesh is very heat resistant. (rF++)
You are vulnerable to cold. (rC-)
You float through the air rather than walking.
You learn spells naturally, not from books.
Your magical power is your life essence.
You have superior vitality. (+4 MHP)


Message History

You barely miss the orc. The orc closely misses you.
You hit the orc but do no damage. The orc hits you with a +0 dagger.
You closely miss the orc. The orc hits you but does no damage.
You hit the orc but do no damage.
The orc is poisoned.
The orc misses you.
You barely miss the orc.
The orc is lightly wounded.
The orc hits you with a +0 dagger.
You hit the orc but do no damage.
The orc is lightly wounded.
The orc barely misses you.
You barely miss the orc. You punch the orc.
The orc is moderately wounded.
The orc completely misses you.
You barely miss the orc.
The orc is severely wounded.
You kill the orc!
An ogre comes into view. It is wielding a +0 giant club.
The ogre shouts!
Things that are here:
a +0 dagger; a +0 scale mail; an orc corpse
Things that are here:
a +0 mace; a +0 leather armour; an orc corpse
Casting: Magic Dart (safe; 2% risk of failure)
Confirm with . or Enter, or press ? or * to list all spells.
Aiming: Mephitic Cloud (dangerous; 9% risk of failure)
Press: ? - help, Shift-Dir - straight line, f - ogre
Aim: an ogre, wielding a +0 giant club (chance to affect: 77%)
The ball explodes into a vile cloud!
The stinking cloud engulfs the ogre but does no damage.
The ogre is engulfed in noxious fumes.
The ogre appears confused.
Unknown command.
You reach to attack!
You hit the ogre.
The ogre is poisoned.
The ogre is lightly wounded.
The ogre is engulfed in noxious fumes.
You reach to attack!
You hit the ogre.
The ogre looks as sick as possible!
The ogre is moderately wounded.
The ogre is engulfed in noxious fumes.
The ogre appears confused.
The ogre hits you with a +0 giant club!!!
Ouch! That really hurt!
You die...

............# #.
....#####.#.# #. ... ..#.#.#
#. ... #.#.#.#####. #.#
#.#.#.....#. ####### #.#
#.#.#####.#. #.....#
#.####.#.......#.
####.....####......#.########
........°°○O@................
###.....####################
#.....# ###.).# #...#####
#......... ......).........
..........).....
............####


You could see an ogre (confused, extremely poisoned).

Vanquished Creatures
  An orc priest (D:5)
  Natasha (thrice) (D:3)
  3 adders
  7 gnolls
  2 dart slugs
  4 orcs (D:5)
  9 ball pythons
  9 endoplasms
  2 giant cockroaches (D:1)
  22 goblins
  9 hobgoblins
  6 jackals
  6 kobolds
  A quokka (D:3)
  A bat (D:2)
  2 frilled lizards (D:3)
  8 rats
95 creatures vanquished.

Vanquished Creatures (collateral kills)
  Robin (D:2)
  A dart slug (D:2)
  A quokka (D:2)
3 creatures vanquished.

Grand Total: 98 creatures vanquished

Notes
Turn   | Place    | Note
-------+----------+-------------------------------------------
     0 | D:1      | Mesmaeker13 the Djinni Hedge Wizard began the quest for the
                  | Orb.
     0 | D:1      | Mesmaeker13 set off with the following spells memorised:
                  | Magic Dart, Slow, Blink, Call Imp, Mephitic Cloud.
     0 | D:1      | Reached XP level 1. HP: 15/15 MP: 0/0
   220 | D:1      | Reached XP level 2. HP: 15/21 MP: 0/0
   721 | D:1      | Reached skill level 3 in Dodging
   721 | D:1      | Reached XP level 3. HP: 25/25 MP: 0/0
   721 | D:1      | Learned a level 1 spell: Beastly Appendage
  1059 | D:2      | Found a shimmering altar of Xom.
  1148 | D:2      | Reached XP level 4. HP: 27/31 MP: 0/0
  1168 | D:2      | Noticed Robin
  2202 | D:2      | Killed Robin
  2437 | D:3      | Noticed Natasha
  2451 | D:3      | Killed Natasha
  2452 | D:3      | Reached skill level 4 in Dodging
  2452 | D:3      | Reached XP level 5. HP: 21/35 MP: 0/0
  2452 | D:3      | Learned a level 2 spell: Momentum Strike
  3040 | D:3      | Noticed Natasha
  3048 | D:3      | Killed Natasha
  3450 | D:3      | Noticed Natasha
  3462 | D:3      | Killed Natasha
  3463 | D:3      | Reached XP level 6. HP: 26/40 MP: 0/0
  3602 | D:4      | Found a staircase to the Ecumenical Temple.
  3612 | Temple   | Entered the Ecumenical Temple
  4039 | D:4      | Reached skill level 5 in Dodging
  4066 | D:4      | Noticed Grinder
  4081 | D:5      | Entered Level 5 of the Dungeon
  4460 | D:5      | Noticed an ogre
  4472 | D:5      | Slain by an ogre

Illustrated notes

Levels and vault maps discovered:
D:1:      wheals_arrival_shading, layout_loops_corners
D:2:      layout_basic, basic_altar, uniq_robin
D:3:      kennysheep_the_goblin_king, layout_basic, uniq_natasha
D:4:      layout_basic, minmay_temple_entry_large_hall, minmay_fountain_box,
          minmay_lizard_king, uniq_grinder
D:5:      layout_basic
Temple:   hellmonk_temple_of_storms

Skill      XL: |  1  2  3  4  5  6 |
---------------+-------------------+-----
Dodging        | 3 4 5 |  5.3
Spellcasting   | 3 4 |  4.1
Stealth        | |  1.5

Action                     |  1- 3 |  4- 6 || total
---------------------------+-------+-------++-------
  Melee: Dagger            |     2 |       ||     2
         Spear             |    15 |    64 ||    79
         Punch             |       |     2 ||     2
  Throw: Dart              |       |     5 ||     5
   Cast: Magic Dart        |    77 |   145 ||   222
         Call Imp          |       |     3 ||     3
         Mephitic Cloud    |       |     8 ||     8
    Use: Scroll            |       |     7 ||     7
   Stab: Confused          |       |     5 ||     5
 Armour: Robe              |     8 |    11 ||    19
  Dodge: Dodged            |    19 |    38 ||    57
